 Dungeon Sprint DCSS version 0.18.1-50-g88ac8fd (webtiles) character file.

255 Kagutsuchi the Fighter (level 5, -2/50 HPs)
             Began as a Draconian Berserker on Oct 21, 2016.
             Was a Believer of Trog.
             Slain by a neqoxec (7 damage)
             ... in the Dungeon (Sprint II: "The Violet Keep of Menkaure").
             The game lasted 00:00:43 (37 turns).

Kagutsuchi the Fighter (Draconian Berserker)          Turns: 37, Time: 00:00:43

Health: -2/50      AC:  5    Str: 19      XL:     5   Next: 91%
Magic:  4/4        EV: 15    Int:  1 (6)  God:    Trog [**....]
Gold:   0          SH:  0    Dex: 11      Spells: 0 memorised, 4 levels left

rFire  . . .     SeeInvis .     a - +0 falchion
rCold  . . .     Gourm    .     (armour unavailable)
rNeg   . . .     Faith    .     (no shield)
rPois  .         Spirit   .     (helmet restricted)
rElec  .         Dismiss  .     (no cloak)
rCorr  .         Reflect  .     (no gloves)
SustAt .         Harm     .     (no boots)
MR     .....     NoTele   +     (no amulet)
Stlth  +.........               (no ring)
                                (no ring)

@: exhausted, slowed, very slow, not resistant to hostile enchantments, very
unstealthy
A: unfitting armour, dopey 1, frail 1, low mp 1, evolution 1, cold-blooded, AC
+5
a: Berserk, Trog's Hand, Burn Spellbooks, Renounce Religion


You were in the Dungeon.
You worshipped Trog.
Trog was pleased with you.
You were not hungry.

You visited 1 branch

Inventory:

Hand Weapons
 a - a +0 falchion (weapon)
Scrolls
 h - a scroll of blinking
Potions
 e - a potion of haste
 f - 2 potions of magic
 g - a potion of berserk rage
Comestibles
 b - a bread ration


   Skills:
 + Level 8.4 Fighting
 + Level 7.9 Long Blades
 + Level 6.8 Dodging


You had 4 spell levels left.
You didn't know any spells.

Dungeon Overview and Level Annotations

Branches:
Dungeon (1/1)

Altars:


Innate Abilities, Weirdness & Mutations

Your plain brown scales are hard (AC +5).
Your body does not fit into most forms of armour.
You are cold-blooded and may be slowed by cold attacks.
You are dopey. (Int -2)
You are frail (-10% HP).
Your magical capacity is low (-10% MP).
You evolve.


Message History

The ufetubus hits you.
* * * LOW HITPOINT WARNING * * *
The neqoxec misses you. The iron imp closely misses you.
The ufetubus hits you but does no damage.
The ufetubus hits you.
* * * LOW HITPOINT WARNING * * *
The neqoxec gestures at you.
Something tries to feed on your intellect!
You hit the neqoxec.
The neqoxec is almost dead.
The ufetubus barely misses you.
The ufetubus hits you but does no damage.
The iron imp completely misses you. The ufetubus closely misses you.
The ufetubus hits you but does no damage.
The neqoxec closely misses you. The iron imp closely misses you.
You hit the neqoxec but do no damage.
Your tail-slap misses the neqoxec.
The neqoxec is almost dead.
The ufetubus closely misses you. x2; The ufetubus barely misses you. x2
The neqoxec hits you!
You die...

## #+#
#.#
##5##5#
+.<@3#
##5###
#+#


You could see a neqoxec, an iron imp, a quasit and an ufetubus.

Vanquished Creatures
  2 neqoxecs (D)
2 creatures vanquished.

Vanquished Creatures (others)
  A crocodile (D)
1 creature vanquished.

Grand Total: 3 creatures vanquished

Notes
Turn   | Place    | Note
--------------------------------------------------------------
     0 | D        | Kagutsuchi the Draconian Berserker began the quest for the Orb.
     0 | D        | Reached XP level 1. HP: 19/19 MP: 1/1
     1 | D        | Noticed a neqoxec
     2 | D        | Noticed a neqoxec
     5 | D        | Noticed a neqoxec
     7 | D        | Killed a neqoxec
     7 | D        | Reached skill level 7 in Fighting
     7 | D        | Reached skill level 5 in Dodging
     7 | D        | Reached XP level 2. HP: 34/34 MP: 2/2
     7 | D        | Reached XP level 3. HP: 39/39 MP: 3/3
     7 | D        | Reached XP level 4. HP: 47/47 MP: 4/4
    13 | D        | Killed a neqoxec
    13 | D        | Reached ** piety under Trog
    13 | D        | Reached skill level 8 in Fighting
    13 | D        | Reached XP level 5. HP: 56/56 MP: 5/5
    20 | D        | Gained mutation: You are frail (-10% HP). [a neqoxec]
    28 | D        | Gained mutation: You evolve. [a neqoxec]
    33 | D        | Gained mutation: Your magical capacity is low (-10% MP). [a neqoxec]
    34 | D        | Killed a crocodile
    34 | D        | Gained mutation: You are dopey. (Int -2) [a neqoxec]
    37 | D        | Slain by a neqoxec

Skill      XL: |  1  2  3  4 |
---------------+-------------+-----
Fighting       | 7 8 |  8.4
Long Blades    | 6 7 |  7.9
Dodging        | 5 6 |  6.8

Action                   |  1- 3 |  4- 6 || total
-------------------------+-------+-------++-------
Melee: Falchion          |     5 |    24 ||    29
       Tailslap          |     2 |     6 ||     8
Invok: Berserk           |     1 |       ||     1
  Use: Potion            |       |     2 ||     2
Armor: Skin              |     1 |    13 ||    14
Dodge: Dodged            |     1 |    50 ||    51
